 Dungeon Crawl Stone Soup version 0.28-a0-313-gbc0475efdd (webtiles) character file.

Game seed: 13420160964738602027

84 lunkers the Chopper (level 4, -16/42 HPs)
             Began as a Minotaur Cinder Acolyte on Aug 31, 2021.
             Was a High Priest of Ignis.
             Demolished by Crazy Yiuf (19 damage)
             ... on level 2 of the Dungeon.
             The game lasted 00:01:25 (2115 turns).

lunkers the Chopper (Minotaur Cinder Acolyte)       Turns: 2115, Time: 00:01:26

Health: -16/42     AC:  7    Str: 21    XL:     4   Next: 24%
Magic:  0/1        EV: 10    Int: 10    God:    Ignis [*****.]
Gold:   88         SH:  0    Dex:  5    Spells: 4/5 levels left

rFire   + . .      SeeInvis .   f - +3 mace (antimagic)
rCold   . . .      Faith    .   (no shield)
rNeg    . . .      Spirit   +   h - +0 ring mail
rPois   .          Reflect  .   d - +2 hat {Will+}
rElec   .          Harm     .   (no cloak)
rCorr   .          Rampage  .   (no gloves)
Will    +....                   (no boots)
Stlth   ..........              g - amulet of guardian spirit
HPRegen 0.14/turn               (no ring)
MPRegen 0.07/turn               (no ring)

@: very slightly contaminated, invisible
A: horns 2, retaliatory headbutt
a: Renounce Religion, Sea of Fire, Foxfire Swarm, Rising Flame


You were on level 2 of the Dungeon.
You worshipped Ignis.
Ignis was extremely pleased with you.
You visited 1 branch of the dungeon, and saw 2 of its levels.

You collected 88 gold pieces.

Inventory:

Hand Weapons
 a - a -1 hand axe of flaming
 f - a +3 antimagic mace (weapon)
Armour
 b - a +0 robe
 d - a +2 hat of willpower (worn)
 h - a +0 ring mail (worn)
Jewellery
 g - an amulet of guardian spirit (around neck)
Scrolls
 c - 2 scrolls of identify {unknown}
 e - a scroll of immolation {unknown}


   Skills:
 + Level 5.0 Fighting
 + Level 5.0 Axes
 - Level 1.0 Spellcasting
 - Level 0.6 Fire Magic


You had 4 spell levels left.
You knew the following spells:

 Your Spells              Type           Power      Damage    Failure   Level
p - Foxfire               Conj/Fire      4%         2x1d4     45%         1

Your spell library contained the following spells:

 Spells                   Type           Power      Damage    Failure   Level
 Ensorcelled Hibernation  Hex/Ice        0%         N/A       65%         2
 Spider Form              Tmut/Pois      0%         N/A       86%         3


Dungeon Overview and Level Annotations

Branches:
Dungeon (2/15)

Altars:

Annotations:
D:2 Crazy Yiuf


Innate Abilities, Weirdness & Mutations

You have a pair of horns on your head.
You reflexively headbutt those who attack you in melee.


Message History

The worm closely misses you. You furiously retaliate!
You headbutt the worm, but do no damage.
You thump the worm!
The worm is severely wounded.
You sock the worm!
You kill the worm!
No target in view!
No target in view!
No target in view!
Things that are here:
a +0 dagger; a worm corpse You see here a +0 club.
Crazy Yiuf shouts!
Could not explore, unopened runed door.
Could not explore, unopened runed door.
Adjust (i)tems, (s)pells, or (a)bilities?
Okay, then.
No reachable target in view!
No reachable target in view!
You aren't carrying any potions.
Unknown command.
You open the door.
Crazy Yiuf zaps a wand.
The puff of flame hits you. You resist.
Crazy Yiuf zaps a wand.
The puff of flame hits you. You resist.
There is an open translucent door here.
You hit Crazy Yiuf but do no damage.
Crazy Yiuf hits you with a +3 quarterstaff of chaos!
* * * LOW HITPOINT WARNING * * *
Crazy Yiuf burns you.
* * * LOW HITPOINT WARNING * * *
Crazy Yiuf hits you with a +3 quarterstaff of chaos!
* * * LOW HITPOINT WARNING * * *
You fade into invisibility!
You are very lightly contaminated with residual magic.
You hit Crazy Yiuf. Your headbutt misses Crazy Yiuf.
Crazy Yiuf is lightly wounded.
Crazy Yiuf hits you with a +3 quarterstaff of chaos!
* * * LOW HITPOINT WARNING * * *
You are electrocuted!!
You die...

####.####### #....#
#.#††...# #. .........##
♣.♣..♣ #.....### #.
..........## ♣♣...♣
#>....## ##. .....##....#
♣♣.♣♣ #......###..
###.....#..# ♣♣.♣
#........... ######.....#
♣.♣♣ #......###..
...........# ♣♣.♣
#...^..###.# ####....#..#
♣.♣♣ #........... #
#....#.## #@# #.....####.#
####....#.## #.g.#
#.......##.# .#.####....#
#...# #........... #.#.#
#..#.# #)..# #......##...
.#.## #....# #####
#......##... #.#.###....#
#......##... ####......####
#######.....###... #
#.........###..........##
#...
####...........#..#..#.####
##..


You could see Crazy Yiuf.

Vanquished Creatures
  Robin (D:2)
  An adder (D:2)
  A worm (D:2)
  2 dart slugs
  3 endoplasms
  6 giant cockroaches
  5 goblins
  7 hobgoblins
  8 jackals (D:2)
  5 ball pythons
  2 bats (D:1)
  A frilled lizard (D:2)
  7 kobolds
  3 rats (D:2)
52 creatures vanquished.

Vanquished Creatures (others)
  31 foxfires
31 creatures vanquished.

Grand Total: 83 creatures vanquished

Notes
Turn   | Place    | Note
-------+----------+-------------------------------------------
     0 | D:1      | lunkers the Minotaur Cinder Acolyte began the quest for the
                  | Orb.
     0 | D:1      | Reached XP level 1. HP: 19/19 MP: 1/1
   295 | D:1      | Reached XP level 2. HP: 27/27 MP: 0/2
   990 | D:1      | Found a faded altar of an unknown god.
  1255 | D:2      | Reached XP level 3. HP: 27/34 MP: 0/3
  1579 | D:2      | Found a runed translucent door.
  1580 | D:2      | Noticed Crazy Yiuf
  1651 | D:2      | Noticed Robin
  1658 | D:2      | Killed Robin
  1855 | D:2      | Reached XP level 4. HP: 41/41 MP: 1/4
  1905 | D:2      | Reached skill level 5 in Fighting
  1905 | D:2      | Reached skill level 5 in Axes
  2115 | D:2      | Demolished by Crazy Yiuf

Illustrated notes

Levels and vault maps discovered:
D:1:      nagdon_arrival_zigzag_paths, layout_loops_corners,
          hellmonk_ecumenical_altar_leap_of_faith, minmay_misc_feat_encased
D:2:      layout_rooms, minivault_24, minmay_close_crescents, uniq_robin,
          uniq_crazy_yiuf_cottage

Skill      XL: |  1  2  3  4 |
---------------+-------------+-----
Fighting       | 4 5 |  5.0
Axes           | 4 5 |  5.0
Spellcasting   | |  1.0
Fire Magic     | |  0.6

Action                   |  1- 3 |  4- 6 || total
-------------------------+-------+-------++-------
Melee: Hand axe          |    72 |       ||    72
       Headbutt          |     5 |     2 ||     7
       Mace              |     9 |    28 ||    37
 Cast: Foxfire           |    26 |     2 ||    28
Armor: Robe              |    17 |     7 ||    24
Dodge: Dodged            |    39 |    19 ||    58

Table legend: (Time is in decaauts)
 A = Elapsed time spent in this place.
 B = Non-inter-level travel time spent in this place.
 C = Inter-level travel time spent in this place.
 D = Time resting spent in this place.
 E = Time spent auto-exploring this place.
 F = Levels seen in this place.
 G = Mean time per level.
                   A        B        C        D        E       F      G
               +--------+--------+--------+--------+--------+-----+--------+
         Total |   2129 |   2104 |     25 |      0 |   1791 |   2 | 1064.5 |
       Dungeon |   2129 |   2104 |     25 |      0 |   1791 |   2 | 1064.5 |
               +--------+--------+--------+--------+--------+-----+--------+

Top non-repeatable levels by time:
     D:1: 1188 daAuts
     D:2: 941 daAuts
